[Event "40th BAN National Women Chess-ch 2021"]
[Site "Dhaka"]
[Date "2022.01.06"]
[Round "9.2"]
[White "Talukder, Umme Taslima Protiva"]
[Black "Israt, Jahan Diba"]
[Result "1/2-1/2"]
[ECO "D37"]
[WhiteElo "1706"]
[BlackElo "1630"]
[Annotator "NA"]
[PlyCount "150"]
[EventDate "2021.12.29"]
[EventCountry "BAN"]
[SourceTitle "playchess.com"]
[Source "ChessBase"]
[SourceQuality "1"]
[TimeControl "40/5400+30:1800+30"]

1. d4 d5 2. c4 e6 3. Nc3 Nf6 4. e3 Be7 5. Nf3 Nbd7 6. cxd5 exd5 7. Bd3 O-O 8. O-O b6 9. Ne5 Bb7 10. f4 c5 11. Qc2 cxd4 12. exd4 Rc8 13. Qe2 Bb4 14. Bd2 Bxc3 15. Bxc3 Ne4 16. Bb4 Re8 17. Bb5 Nef6 18. Rac1 Ra8 19. Qf3 Re6 20. Rc2 a6 21. Bd3 Ne4 22. Rfc1 Rc8 23. Rxc8 Bxc8 24. Bxe4 dxe4 25. Qxe4 Nf6 26. Qd3 Bb7 27. Qc4 Nd5 28. Bd2 h6 29. Qd3 Nf6 30. Re1 Qd5 31. Re2 Qxa2 32. Bc3 Qd5 33. f5 Rxe5 34. Rf2 Re8 35. Qh3 Qe4 36. Qg3 Bd5 37. h3 Nh5 38. Qc7 Ng3 39. Qxg3 Qe3 40. Qd6 Bc4 41. Qxb6 Re4 42. Qc7 Bb5 43. f6 g5 44. Qc8+ Be8 45. Qxa6 Re6 46. Qf1 Rxf6 47. Qe1 Qxe1+ 48. Bxe1 Rxf2 49. Kxf2 Bc6 50. g3 Kf8 51. Ke3 Ke7 52. Bb4+ Ke6 53. Bf8 h5 54. Bh6 Bg2 55. Bxg5 Bxh3 56. b4 Bf1 57. Bd8 Kd5 58. Bb6 Bb5 59. Kf4 Be2 60. Bc5 Kc6 61. Ke5 Bc4 62. Bf8 Kb5 63. d5 Bb3 64. d6 Be6 65. Kf6 Kc6 66. Ke7 Bg4 67. d7 Bxd7 68. b5+ Kxb5 69. Kxd7 Kc4 70. Ke7 Kd3 71. Kxf7 Ke4 72. Kg6 Kf3 73. Bd6 Kg4 74. Kh6 h4 75. gxh4 Kxh4 1/2-1/2

[Event "40th BAN National Women Chess-ch 2021"]
[Site "Dhaka"]
[Date "2022.01.06"]
[Round "9.3"]
[White "Noshin, Anjum"]
[Black "Tasnia Tarannum, Orpa"]
[Result "1-0"]
[ECO "B13"]
[WhiteElo "2045"]
[BlackElo "1618"]
[Annotator "ChessBase"]
[PlyCount "109"]
[EventDate "2021.12.29"]
[EventCountry "BAN"]
[SourceTitle "playchess.com"]
[Source "ChessBase"]
[SourceQuality "1"]
[TimeControl "40/5400+30:1800+30"]

1. e4 c6 2. Nf3 d5 3. exd5 cxd5 4. d4 Nf6 5. c4 Bf5 6. Nc3 e6 7. Qb3 Qb6 8. cxd5 Qxb3 9. axb3 Bb4 10. Bb5+ Nbd7 11. dxe6 Bxe6 12. O-O O-O 13. Bc4 Bg4 14. Ne5 Bf5 15. h3 Nb6 16. Be3 a6 17. g4 Be6 18. Rfd1 Nfd5 19. Nxd5 Bxd5 20. Bxd5 Nxd5 21. Nd3 Rfd8 22. Nxb4 Nxb4 23. Rac1 Nd5 24. Rc5 f6 25. Rdc1 Rd7 26. Re1 Rad8 27. Rec1 Kf7 28. Kg2 Re8 29. Kf3 g5 30. Rc8 Rde7 31. Rxe8 Rxe8 32. Rc5 Ke6 33. Rc1 Kf7 34. Bd2 Rd8 35. Ke4 Ke6 36. Rc5 h6 37. b4 Rd7 38. Rc8 Kf7 39. Rc5 Ke6 40. b5 axb5 41. Rxb5 Ne7 42. f4 Kf7 43. f5 Nc8 44. Bb4 Ke8 45. d5 Kf7 46. Ba3 Ke8 47. Rb3 Kf7 48. Bc5 b6 49. Ba3 Kg7 50. Kd4 Kf7 51. Re3 Na7 52. Re6 Nb5+ 53. Ke4 Nc7 54. Rxb6 Nxd5 55. Rd6 1-0

[Event "40th BAN National Women Chess-ch 2021"]
[Site "Dhaka"]
[Date "2022.01.06"]
[Round "9.4"]
[White "Khan, Nazrana"]
[Black "Nusrat, Jahan Liza"]
[Result "1-0"]
[ECO "D45"]
[WhiteElo "1848"]
[BlackElo "1478"]
[Annotator "NA"]
[PlyCount "62"]
[EventDate "2021.12.29"]
[EventCountry "BAN"]
[SourceTitle "playchess.com"]
[Source "ChessBase"]
[SourceQuality "1"]
[TimeControl "40/5400+30:1800+30"]

1. d4 d5 2. c4 c6 3. Nf3 Nf6 4. Nc3 e6 5. e3 Be7 6. Bd3 dxc4 7. Bxc4 b5 8. Bd3 Bb7 9. O-O O-O 10. e4 Nbd7 11. e5 Nd5 12. Nxd5 exd5 13. Re1 Re8 14. g3 Nf8 15. h4 Qd7 16. e6 fxe6 (16... Nxe6 $2 17. Ne5 Qd6 {[#]} 18. Bxh7+ $1 (18. Qh5 g6 $17) 18... Kxh7 19. Qh5+ Kg8 20. Qxf7+ Kh7 21. Nc4 $1 bxc4 22. Rxe6 Qxe6 23. Qxe6 $18) 17. Ne5 Qc7 18. Bf4 Bd6 19. Rc1 a6 20. h5 Nd7 21. Qc2 Nxe5 22. Bxh7+ Kh8 23. Bxe5 Bxe5 24. Rxe5 Re7 25. Bg6 Rf8 26. Rce1 Rf6 27. f4 Bc8 28. f5 Bd7 $18 29. g4 exf5 30. Rxe7 Qg3+ 31. Qg2 Qf4 1-0

[Event "40th BAN National Women Chess-ch 2021"]
[Site "Dhaka"]
[Date "2022.01.06"]
[Round "9.5"]
[White "Omnia Binta Yusuf, Lubaba"]
[Black "Nusrat Jahan, Alo"]
[Result "0-1"]
[ECO "C17"]
[WhiteElo "1439"]
[BlackElo "1766"]
[Annotator "NA"]
[PlyCount "76"]
[EventDate "2021.12.29"]
[EventCountry "BAN"]
[SourceTitle "playchess.com"]
[Source "ChessBase"]
[SourceQuality "1"]
[TimeControl "40/5400+30:1800+30"]

1. e4 e6 2. d4 d5 3. Nc3 Bb4 4. e5 c5 5. Bd2 cxd4 6. Nb5 Bc5 7. Qg4 g6 8. b4 Be7 9. Nxd4 Qb6 10. Bb5+ Bd7 11. Bxd7+ Nxd7 12. Ndf3 Qc7 13. Ne2 Bf8 14. Bc3 Bg7 15. Qg3 Ne7 16. h4 Nc6 17. h5 Ncxe5 18. Nfd4 Rc8 19. f4 Nc4 20. hxg6 hxg6 21. Rxh8+ Bxh8 22. Qh4 Bf6 23. Qh6 Ne3 24. Kd2 Nf5 25. Qh3 Nxd4 26. Nxd4 Bxd4 27. Bxd4 Qxc2+ 28. Ke1 Qe4+ 29. Be3 Qxb4+ 30. Kf1 Qc3 31. Rc1 Qd3+ 32. Ke1 Rxc1+ 33. Bxc1 Qxh3 34. gxh3 Nc5 35. Ke2 Ne4 36. Bb2 Kd7 37. Bd4 a5 38. a4 Kc6 0-1

[Event "40th BAN National Women Chess-ch 2021"]
[Site "Dhaka"]
[Date "2022.01.06"]
[Round "9.6"]
[White "Sultana, Sharmin Shirin"]
[Black "Jahanara, Haque"]
[Result "1-0"]
[ECO "D30"]
[WhiteElo "1975"]
[BlackElo "1710"]
[Annotator "ChessBase"]
[PlyCount "101"]
[EventDate "2021.12.29"]
[EventCountry "BAN"]
[SourceTitle "playchess.com"]
[Source "ChessBase"]
[SourceQuality "1"]
[TimeControl "40/5400+30:1800+30"]

1. d4 e6 2. Nf3 d5 3. c4 a6 4. a4 Nf6 5. Nc3 Be7 6. e3 Nbd7 7. Be2 h6 8. O-O O-O 9. b3 b6 10. Bb2 Bb7 11. Bd3 Re8 12. Qe2 Bf8 13. Rfd1 g6 14. Rac1 Bg7 15. b4 a5 16. b5 Rc8 17. Ba3 Bf8 18. Bxf8 Kxf8 19. cxd5 Nxd5 20. e4 Nxc3 21. Rxc3 Qf6 22. Qe3 Kg7 23. e5 Qe7 24. Rdc1 Nb8 25. Be4 Bd5 26. h3 Red8 27. Qf4 Rd7 28. Bxd5 exd5 29. h4 Qe6 30. Nh2 f5 31. exf6+ Qxf6 32. Qxf6+ Kxf6 33. Ng4+ Kg7 34. Ne5 Re7 35. Rg3 Re6 36. h5 g5 37. f4 c5 38. fxg5 hxg5 39. Rxg5+ Kh7 40. Rf1 Rc7 41. Rf8 Rb7 42. Nf7 Rxf7 43. Rxf7+ Kh6 44. Rg6+ Rxg6 45. hxg6 Kxg6 46. Rb7 Kf5 47. Kf2 Ke4 48. dxc5 bxc5 49. Rxb8 Kd3 50. Rc8 c4 51. b6 1-0

[Event "40th BAN National Women Chess-ch 2021"]
[Site "Dhaka"]
[Date "2022.01.07"]
[Round "10.2"]
[White "Talukder, Umme Taslima Protiva"]
[Black "Khan, Nazrana"]
[Result "0-1"]
[ECO "D35"]
[WhiteElo "1706"]
[BlackElo "1848"]
[Annotator "NA RC"]
[PlyCount "168"]
[EventDate "2021.12.29"]
[EventCountry "BAN"]
[SourceTitle "playchess.com"]
[Source "ChessBase"]
[SourceQuality "1"]
[TimeControl "40/5400+30:1800+30"]

1. d4 d5 2. c4 e6 3. Nc3 Nf6 4. Nf3 Be7 5. e3 O-O 6. cxd5 exd5 7. Bd3 Nbd7 8. Ne5 Nxe5 9. dxe5 Ng4 10. Nxd5 c6 (10... Nxe5 $11 11. O-O Nxd3 12. Nxe7+ Qxe7 13. Qxd3 Rd8) 11. Nc3 (11. Nxe7+ $16 Qxe7 12. f4) 11... Kh8 (11... Nxe5 $11 12. Bxh7+ Kxh7 13. Qh5+ Kg8 14. Qxe5 Bf6) 12. f4 Bc5 13. Qe2 Qb6 {[%emt 0:00:00] [#]} (13... f6 $142) 14. Nd1 (14. h3 $1 $16 Nxe3 15. Bd2) 14... f6 (14... Nh6 $1 $14) 15. h3 Nh6 {[%emt 0:00:00] [#]} 16. exf6 $1 Rxf6 17. O-O Bf5 18. Kh2 Bxd3 19. Qxd3 Rd8 {[%emt 0:00:00] [#]} 20. Qc2 ({White should try} 20. Qe2 $1 $16) 20... Nf5 $1 21. e4 $2 {[%emt 0:00:00] [#]} (21. Bd2 $11 {and White stays safe.}) 21... Nd4 $2 ({Black should play} 21... Qb5 $1 $19 22. Rh1 (22. Rf2 Bxf2) 22... Nd4) 22. Qc4 Qb5 23. Qxb5 Nxb5 24. e5 ({White should try} 24. Be3 Bd4 25. a4) 24... Rff8 25. g3 Kg8 26. a4 ({White should play} 26. Nf2 $16) 26... Nc7 ({Black should play} 26... Nd4 $1 $14) 27. Nc3 a5 {[%emt 0:08:30] [#]} (27... Rd3 $142) 28. Ne4 ({White should play} 28. Kg2 $1) 28... Bb4 29. Be3 Rd3 30. Bf2 Ne6 31. Bb6 c5 32. Rf2 (32. Rac1 $16) 32... Rc8 (32... Re3 $14 33. Nd6 Rxe5) 33. Nd6 (33. f5 $16 Nd4 34. e6) 33... Rc6 34. Ba7 Ra6 35. Nb5 Nd4 (35... Rd8 $1 $15 {feels stronger.}) 36. Nxd4 (36. Bb8 $11) 36... cxd4 37. Bb8 Rc6 38. Kg2 (38. f5 $11) 38... b6 (38... Re3 $1 $15) 39. f5 Rc8 40. Bd6 Bxd6 41. exd6 Rd8 42. d7 Rxd7 43. Rc1 Rb3 44. Rc4 d3 45. Rd2 Rd5 46. g4 Kf7 47. Kf3 Rc5 48. Rd4 Rc2 49. R4xd3 Rxd3+ 50. Rxd3 Rxb2 51. Ke4 Ke7 52. Ke5 Rb4 53. Rd4 Rb3 54. h4 h6 55. Kd5 Rh3 56. Kc6 Rxh4 57. Rd7+ Kf8 58. Kxb6 Rxg4 59. Kxa5 Rg5 {[%emt 0:00:00] [#]} 60. Rd5 ({Better is} 60. Kb6 $1 $16) 60... g6 61. Kb6 gxf5 62. a5 Rg6+ (62... Ke7 $11) 63. Kb7 (63. Kc7 $1 $14) 63... Rf6 $2 (63... Rg7+ 64. Kc6 f4) 64. a6 Kg7 65. Rd7+ $2 (65. Rc5 {mates} Rxa6 66. Kxa6 Kg6 67. Kb5 Kh5 68. Kc4 Kg5 69. Kd4 h5 70. Ke3) 65... Kg6 66. a7 Rf8 67. Rd6+ Kg5 68. Rd7 f4 69. Kc6 f3 70. Kd5 $2 (70. Rd2 h5 71. Ra2 h4) (70. Rf7 $11 Rxf7 71. a8=Q Rf6+ 72. Kd7) 70... f2 71. Rf7 Rxf7 72. a8=Q f1=Q 73. Qd8+ Qf6 74. Qg8+ Rg7 75. Qb8 Qf5+ 76. Kc6 Rg6+ 77. Kb7 Qb1+ 78. Ka8 Ra6+ (78... Qa2+ $142 79. Qa7 Qd5+ 80. Qb7 Qa5+ 81. Qa6 Qxa6+ 82. Kb8 Qc6 83. Ka7 Rg7+ 84. Kb8 Qe8#) 79. Qa7 Rxa7+ 80. Kxa7 Kf6 81. Ka8 Ke5 82. Ka7 Kd6 83. Ka8 Kc7 84. Ka7 Qb7# 0-1

[Event "40th BAN National Women Chess-ch 2021"]
[Site "Dhaka"]
[Date "2022.01.07"]
[Round "10.3"]
[White "Nusrat Jahan, Alo"]
[Black "Israt, Jahan Diba"]
[Result "1/2-1/2"]
[ECO "A05"]
[WhiteElo "1766"]
[BlackElo "1630"]
[Annotator "NA RC"]
[PlyCount "153"]
[EventDate "2021.12.29"]
[EventCountry "BAN"]
[SourceTitle "playchess.com"]
[Source "ChessBase"]
[SourceQuality "1"]
[TimeControl "40/5400+30:1800+30"]

1. e4 c5 2. Nf3 d6 3. d3 Nf6 4. g3 g6 5. Bg2 Bg7 6. O-O O-O 7. c3 Nc6 8. Re1 e5 9. Be3 Ng4 10. Bg5 Qb6 11. Qc2 f6 12. Be3 Nxe3 13. fxe3 Bh6 14. Kh1 Be6 15. Nbd2 Ne7 16. d4 Rac8 17. d5 Bg4 18. c4 f5 19. h3 Bxf3 20. Bxf3 fxe4 21. Bg4 Nf5 22. Nxe4 Nxe3 23. Be6+ Kg7 24. Qc3 Rce8 25. Rxe3 Bxe3 26. Qxe3 Qxb2 27. Re1 Qb6 28. h4 Qc7 29. h5 gxh5 30. Qg5+ Kh8 31. Qxh5 Re7 32. Qh6 Rg7 33. g4 Qe7 34. Bf5 a6 35. Rf1 Rg6 36. Bxg6 Rxf1+ 37. Kg2 Rf4 38. Bf5 Qg7 39. Qe6 b5 40. Nf6 Qf8 41. Nxh7 Qg8 42. Qf6+ Qg7 43. Qd8+ Qg8 44. Qh4 Rxg4+ 45. Qxg4 Qxg4+ 46. Bxg4 Kxh7 47. cxb5 axb5 48. Kf3 b4 49. Bf5+ Kg7 50. Bd3 Kf6 51. Kg4 e4 52. Bxe4 Ke5 53. Kf3 c4 54. Ke3 b3 55. a4 b2 56. a5 b1=Q 57. Bxb1 Kxd5 58. Be4+ Kc5 59. a6 Kb6 60. Bb7 d5 61. Kd4 Ka7 62. Kc3 Kb6 63. Kb4 Ka7 64. Bc8 Kb6 65. Bb7 Ka7 66. Kc3 Kb6 67. Bc8 Ka7 68. Kd4 Kb6 69. Kc3 Ka7 70. Kb4 Kb6 71. Ka4 d4 72. Kb4 c3 73. Kb3 Ka7 74. Kc2 Kb6 75. Kd3 Ka7 76. Bf5 Kxa6 77. Kxd4 1/2-1/2

[Event "40th BAN National Women Chess-ch 2021"]
[Site "Dhaka"]
[Date "2022.01.07"]
[Round "10.6"]
[White "Kazi Zarin, Tasnim"]
[Black "Omnia Binta Yusuf, Lubaba"]
[Result "1-0"]
[ECO "B01"]
[WhiteElo "1829"]
[BlackElo "1439"]
[Annotator "NA RC"]
[PlyCount "85"]
[EventDate "2021.12.29"]
[EventCountry "BAN"]
[SourceTitle "playchess.com"]
[Source "ChessBase"]
[SourceQuality "1"]
[TimeControl "40/5400+30:1800+30"]

1. e4 d5 2. exd5 Qxd5 3. Nc3 Qa5 4. Nf3 Nf6 5. d4 Bf5 6. Bc4 c6 7. Ne5 e6 8. g4 Be4 9. O-O Bd5 10. Nxd5 ({White should try} 10. Bd3 $16) 10... cxd5 11. Bd3 Bd6 12. f4 Nfd7 13. Qe2 Nc6 14. Bb5 (14. c3 $16) 14... Qb6 (14... a6 $1 $11 15. Bxc6 bxc6) 15. Nxd7 ({White should try} 15. Be3 $16) 15... Kxd7 16. c3 a6 17. Ba4 Qc7 (17... Kc7 $11) 18. f5 (18. Be3 $14) 18... e5 ({But not} 18... b5 19. Bc2 $16 (19. fxe6+ fxe6 20. Bc2 Rhf8 $16)) (18... Rae8 $14) 19. dxe5 Bxe5 20. Rd1 ({Better is} 20. Bb3 $16) 20... Rhe8 $2 (20... Rae8 $1 $15 {stays ahead.} 21. Qf2 (21. Rxd5+ Kc8 $11) 21... Kc8) 21. Rxd5+ Kc8 22. Qf2 (22. Kg2 $18) 22... b5 $2 {[%emt 0:01:13] [#]} ({Better is} 22... Bxh2+ $1 $14 23. Kh1 (23. Qxh2 $2 Re1+ 24. Kf2 Qxh2+ $19) 23... Qg3 24. Qxg3 Bxg3) 23. Bb3 (23. Bd1 $1 $18 {and the rest is easy.}) 23... Kb7 (23... Bxh2+ $142 24. Kh1 (24. Qxh2 $2 Re1+ 25. Kf2 Qxh2+ $19) 24... Qg3 25. Qxg3 Bxg3) 24. Bg5 f6 25. Rad1 Re7 (25... fxg5 $2 26. Rd7) (25... Rad8 $16) 26. Be3 Bxh2+ (26... Rae8 $16 {is a better defense.} 27. R5d3 (27. Bc5 Bxh2+ 28. Kh1 Re2 $16) 27... Bxh2+ 28. Kh1 Ne5) 27. Qxh2 Qxh2+ 28. Kxh2 Rxe3 29. Rd7+ Kb6 30. Rxg7 Rh8 31. Rd6 h5 $2 (31... Kc5 32. Rxf6 Rd8) 32. Rxf6 hxg4+ 33. Kg2 Rd8 $2 {[%emt 0:02:51] [#]} (33... Rc8 34. Rxg4 Kc5) 34. Rgg6 $1 Rd2+ 35. Kf1 g3 36. Rxc6+ Kb7 37. Rce6 g2+ 38. Rxg2 Rf3+ 39. Ke1 Rxg2 40. Bd5+ Kc7 41. Bxf3 Rg5 42. f6 Kd7 $18 43. Rxa6 1-0